 Dungeon Crawl Stone Soup version 0.31-a0-986-g5e6e4ef867 (webtiles) character file.

Game seed: 1968693591024496934

561 LeprechaunX the Changeling (level 7, -2/46 HPs)
             Began as an Octopode Shapeshifter on Nov 10, 2023.
             Slain by a centaur (6 damage)
             ... on level 5 of the Dungeon.
             The game lasted 00:03:51 (4082 turns).

LeprechaunX the Changeling (Octopode Shapeshifter)  Turns: 4082, Time: 00:03:52

Health: -2/46      AC:  1    Str: 13    XL:     7   Next: 31%
Magic:  7/7        EV: 13    Int: 12    God:
Gold:   243        SH:  0    Dex: 14    Spells: 6/6 levels left

rFire   + .          .
                       - Unarmed
rCold   . . .        (no shield)
rNeg    . . .        (helmet currently unavailable)
rPois   .            (no amulet)
rElec   .            l - ring of protection from fire
rCorr   .            (no ring)
SInv    .            (no ring)
Will    .....        (no ring)
Stlth   ++           (no ring)
HPRegen 0.27/turn    (no ring)
MPRegen 0.10/turn    (no ring)
                     (no ring)

%: no passive effects
@: beast-form
A: beast (slay +3), almost no armour, amphibious, 8 rings, camouflage 1,
gelatinous body 1, (nimble swimmer 1), tentacles
a: Begin Untransformation


You were on level 5 of the Dungeon.
You were a hulking beast.
You visited 1 branch of the dungeon, and saw 5 of its levels.

You collected 243 gold pieces.

Inventory:

Hand Weapons
 a - a +0 shortbow
Missiles
 s - 3 boomerangs (quivered)
Jewellery
 l - a ring of protection from fire (left tentacle)
 r - a ring of wizardry
Talismans
 b - a beast talisman
 c - a flux talisman
Wands
 x - a wand of charming (6)
 z - a wand of flame (18)
Scrolls
 e - 2 scrolls of blinking {unknown}
 g - 5 scrolls of teleportation {unknown}
 h - a scroll of acquirement {unknown}
 i - a scroll of summoning {unknown}
 j - 5 scrolls of identify {unknown}
 k - a scroll of amnesia {unknown}
 n - 2 scrolls of silence {unknown}
 p - a scroll of enchant armour {unknown}
 t - a scroll of poison {unknown}
 w - a scroll of brand weapon {unknown}
Potions
 d - a potion of brilliance {unknown}
 f - a potion of degeneration {unknown}
 m - 2 potions of attraction {unknown}
 o - a potion of enlightenment {unknown}
 q - a potion of curing {unknown}
 u - a potion of mutation {unknown}
 v - a potion of heal wounds {unknown}
 y - a potion of lignification


   Skills:
 + Level 3.5 Fighting
 + Level 1.9 Throwing
 - Level 2.0 Dodging
 + Level 4.5 Unarmed Combat
 + Level 1.2 Evocations
 * Level 5.4 Shapeshifting


You had 6 spell levels left.
You didn't know any spells.
Your spell library contained the following spells:

 Spells                   Type           Power      Damage    Failure   Level
 Freeze                   Ice            0%         1d3       32%         1
 Necrotise                Necr           0%         1d4       32%         1
 Lesser Beckoning         Tloc           0%         N/A       45%         2
 Frozen Ramparts          Ice            0%         1d1       69%         3
 Gell's Gravitas          Tloc           0%         N/A       69%         3
 Hailstorm                Conj/Ice       0%         3d3       69%         3
 Teleport Other           Tloc           0%         N/A       69%         3
 Vampiric Draining        Necr           0%         2d6       69%         3
 Agony                    Necr           0%         N/A       100%        5


Dungeon Overview and Level Annotations

Branches:
Dungeon (5/15)
 Temple: D:4-7

Altars:


Innate Abilities, Weirdness & Mutations

You are a hulking beast.
Your limbs bulge with bestial killing power. (Slay +3)
You cannot wear most types of armour.
You are amphibious.
You can wear up to eight rings at the same time.
Your skin changes colour to match your surroundings (Stealth+).
Your rubbery body absorbs attacks. (AC +1, EV +1)
((You are camouflaged when in or above water. (Stealth+)))
You have tentacles for arms and can constrict up to eight enemies at once.


Message History

You squeeze the orc wizard!
You kill the orc wizard!
The orc hits you with a +0 dagger.
You bludgeon the orc!
You kill the orc!
The orc misses you.
You completely miss the orc. You grab the orc. You constrict the orc.
You tentacle-slap the orc.
You kill the orc!
The orc hits you with a +0 hand axe.
You tentacle-slap the orc. You grab the orc. You squeeze the orc.
You kill the orc!
No target in view!
No target in view!
s - 3 boomerangs (gained 1)
Items here: )) ††.
A centaur comes into view.
The centaur shouts!
You hear a shout! x3
The centaur wields a +0 orcbow.
The centaur shoots an arrow.
The arrow hits you!
A gnoll comes into view. It is wielding a +0 flail.
A quokka comes into view.
There are monsters nearby!
There are monsters nearby!
There are monsters nearby!
The centaur shoots an arrow.
The arrow hits you!
You start resting.
The centaur shoots an arrow.
The arrow hits you!!
* * * LOW HITPOINT WARNING * * *
The centaur unwields a +0 orcbow.
The centaur closely misses you. The centaur barely misses you.
You tentacle-slap the centaur but do no damage.
The centaur hits you.
* * * LOW HITPOINT WARNING * * *
The centaur kicks you.
* * * LOW HITPOINT WARNING * * *
Unknown command.
You closely miss the centaur. The centaur closely misses you.
The centaur barely misses you. The centaur hits you.
You die...

......#.#.#.##.##......
.....#.......#.##......
.#..#..#...)##.##......
#...#....#.).##.########
#..#......#.....# ####
#.#..#.......#### .....
#............#
......#######..#####
.......c..###h.######
.......##..gc.......#########
....... #######..##.##......#
....... ##.....#......#
....... ####.........#
....... #.#.......#


rg..... ##### #.#.......# ...c... #...#######'#.......# #...##.......#......#
You could see a centaur and a gnoll.

Vanquished Creatures
  A centaur (D:5)
  2 jellies
  2 orc priests (D:4)
  2 hounds
  Ijyb (D:5)
  A sleepcap (D:5)
  3 orc wizards
  6 adders
  9 worms
  4 dart slugs
  12 orcs
  6 endoplasms
  3 giant cockroaches
  6 goblins
  7 hobgoblins
  6 jackals
  2 quokkas
  2 ball pythons
  4 bats (D:3)
  4 frilled lizards (D:2)
  5 kobolds
  7 rats
95 creatures vanquished.

Notes
Turn   | Place    | Note
-------+----------+-------------------------------------------
     0 | D:1      | LeprechaunX the Octopode Shapeshifter began the quest for
                  | the Orb.
     0 | D:1      | Reached XP level 1. HP: 13/13 MP: 1/1
   156 | D:1      | Reached XP level 2. HP: 18/18 MP: 2/2
   763 | D:2      | Reached XP level 3. HP: 23/23 MP: 3/3
  1355 | D:2      | Reached XP level 4. HP: 29/29 MP: 4/4
  1623 | D:3      | Reached skill level 4 in Shapeshifting
  2083 | D:3      | Reached XP level 5. HP: 34/35 MP: 5/5
  2772 | D:4      | Reached XP level 6. HP: 41/41 MP: 6/6
  2849 | D:4      | Reached skill level 1 in Throwing
  2849 | D:4      | Reached skill level 5 in Shapeshifting
  3375 | D:5      | Entered Level 5 of the Dungeon
  3610 | D:5      | Reached skill level 1 in Evocations
  3610 | D:5      | Reached XP level 7. HP: 18/46 MP: 7/7
  3883 | D:5      | Noticed Ijyb
  3892 | D:5      | Killed Ijyb
  4082 | D:5      | Slain by a centaur

Illustrated notes

Levels and vault maps discovered:
D:1:      amcnicky_arrival_double_pillar, layout_loops_ring
D:2:      layout_basic, chequers_mini_garden
D:3:      kennysheep_six_static_rooms, layout_loops_ring, nicolae_wormholes
D:4:      layout_cave_pools, kennysheep_generic_room_4
D:5:      layout_basic, serial_glass, glass_columns_c, glass_columns_a,
          glass_columns_b, hangedman_decor_opposing, uniq_ijyb

Skill      XL: |  1  2  3  4  5  6 |
---------------+-------------------+-----
Fighting       | 2 3 |  3.5
Shapeshifting  | 4 5 |  5.4
Unarmed Combat | 4 |  4.5
Throwing       | 1 |  1.9
Evocations     | 1 |  1.2
Dodging        | |  2.0

Action                     |  1- 3 |  4- 6 |  7- 9 || total
---------------------------+-------+-------+-------++-------
  Melee: Unarmed           |    66 |   118 |    22 ||   206
         Constrict         |    17 |    32 |     5 ||    54
         Tentacles         |    15 |    32 |     6 ||    53
         Punch             |     2 |     3 |       ||     5
  Throw: Boomerang         |       |     1 |       ||     1
   Stab: Sleeping          |    11 |    10 |     1 ||    22
 Armour: Skin              |    15 |    47 |    17 ||    79
  Dodge: Dodged            |    29 |    84 |    17 ||   130

Table legend: (Time is in decaauts)
 A = Elapsed time spent in this place.
 B = Non-inter-level travel time spent in this place.
 C = Inter-level travel time spent in this place.
 D = Time resting spent in this place.
 E = Time spent auto-exploring this place.
 F = Levels seen in this place.
 G = Mean time per level.
                   A        B        C        D        E       F      G
               +--------+--------+--------+--------+--------+-----+--------+
         Total |   4069 |   3904 |    165 |    609 |   2655 |   5 |  813.8 |
       Dungeon |   4069 |   3904 |    165 |    609 |   2655 |   5 |  813.8 |
               +--------+--------+--------+--------+--------+-----+--------+

Top non-repeatable levels by time:
     D:3: 1199 daAuts
     D:4: 772 daAuts
     D:2: 751 daAuts
     D:5: 703 daAuts
     D:1: 642 daAuts
